[Event "39th Olympiad Khanty-Mansiysk 2010"]
[Site "Khanty-Mansiysk/Russia"]
[Date "2010.09.21"]
[Round "1"]
[White "Rombaldoni, Denis"]
[Black "Vella, Duncan"]
[Result "1-0"]
[WhiteElo "2501"]
[BlackElo "2041"]
[PlyCount "101"]
[EventDate "2010.??.??"]
[WhiteTeam "Italy"]
[BlackTeam "Malta"]
[WhiteTeamCountry "ITA"]
[BlackTeamCountry "MLT"]
[TimeControl "40/5400+30:1800+30"]

1. d4 d5 2. Nf3 Nf6 3. c4 c6 4. e3 Bf5 5. Nc3 e6 6. Bd3 Bxd3 7. Qxd3 Bb4 8. O-O
Nbd7 9. Bd2 a5 10. Rfd1 O-O 11. a3 Be7 12. e4 dxe4 13. Nxe4 Nxe4 14. Qxe4 Nf6
15. Qe2 c5 16. d5 exd5 17. cxd5 Re8 18. Bc3 Bd6 19. Qd3 Rc8 20. b3 a4 21. Bxf6
Qxf6 22. bxa4 c4 23. Qc2 g5 24. h3 h5 25. Nh2 Qf4 26. Nf1 Re4 27. Re1 Rxe1 28.
Rxe1 Bxa3 29. Re4 Qc1 30. Qxc1 Bxc1 31. d6 Kg7 32. d7 Rd8 33. Rxc4 Bf4 34. Rd4
Kf6 35. h4 Ke6 36. g3 Be5 37. Rb4 Rxd7 38. hxg5 Kf5 39. Rb5 Ke6 40. Ne3 Bd4 41.
Ng2 Be5 42. Kh2 Kd6 43. Ne3 Ke6 44. f4 Rd2+ 45. Kh3 Bd4 46. f5+ Kd7 47. Rd5+
Kc6 48. g6 fxg6 49. fxg6 Re2 50. Rxd4 Rxe3 51. Kh4 1-0

[Event "39th Olympiad Khanty-Mansiysk 2010"]
[Site "Khanty-Mansiysk/Russia"]
[Date "2010.09.21"]
[Round "1"]
[White "Nguyen, Anh Dung"]
[Black "Njobvu, Ignatius"]
[Result "1-0"]
[WhiteElo "2500"]
[BlackElo "2217"]
[PlyCount "67"]
[EventDate "2010.??.??"]
[WhiteTeam "Vietnam"]
[BlackTeam "Botswana"]
[WhiteTeamCountry "VIE"]
[BlackTeamCountry "BOT"]
[TimeControl "40/5400+30:1800+30"]

1. d4 d5 2. c4 c6 3. Nf3 e6 4. e3 Nf6 5. Nbd2 Nbd7 6. Bd3 Bd6 7. O-O O-O 8. e4
dxe4 9. Nxe4 Nxe4 10. Bxe4 h6 11. Bd2 Re8 12. Bc3 Nf6 13. Bc2 b5 14. c5 Bc7 15.
a4 Bb7 16. Re1 a5 17. Rc1 b4 18. Bd2 Qd5 19. Bb3 Qh5 20. h3 Rad8 21. Qe2 g5 22.
Be3 Nd5 23. Rcd1 Qg6 24. Bc1 Qf6 25. Ne5 Bxe5 26. dxe5 Qg7 27. h4 gxh4 28. Rd4
f5 29. exf6 Qxf6 30. Rg4+ Kh8 31. Bc2 Rg8 32. Qe4 Qf5 33. Qd4+ Qf6 34. Rxe6 1-0

[Event "39th Olympiad Khanty-Mansiysk 2010"]
[Site "Khanty-Mansiysk/Russia"]
[Date "2010.09.21"]
[Round "1"]
[White "Kabanov, Nikolai"]
[Black "Jose Queralto, Daniel"]
[Result "1-0"]
[WhiteElo "2500"]
[BlackElo "2105"]
[PlyCount "63"]
[EventDate "2010.??.??"]
[WhiteTeam "RU3"]
[BlackTeam "Andorra"]
[BlackTeamCountry "AND"]
[TimeControl "40/5400+30:1800+30"]

1. e4 e5 2. Bc4 Nf6 3. d3 Nc6 4. Nf3 Be7 5. O-O d6 6. a4 a5 7. c3 O-O 8. Qb3
Bg4 9. Ng5 Bh5 10. Nd2 Nd7 11. Ngf3 Nc5 12. Qc2 Ne6 13. Bxe6 fxe6 14. d4 exd4
15. Nxd4 Nxd4 16. cxd4 Bf6 17. Nb3 b6 18. Be3 Qe7 19. Qc3 e5 20. d5 Rf7 21. Qd2
Bg4 22. Nc1 Raf8 23. Na2 Qe8 24. b4 Qxa4 25. Nc3 Qe8 26. bxa5 bxa5 27. Rxa5 Bd7
28. Ra7 Bd8 29. Rc1 Qe7 30. Ne2 Qh4 31. Ng3 h6 32. Qe2 1-0

[Event "39th Olympiad Khanty-Mansiysk 2010"]
[Site "Khanty-Mansiysk/Russia"]
[Date "2010.09.21"]
[Round "1"]
[White "Grandelius, Nils"]
[Black "Hanoeman, Suradj"]
[Result "1-0"]
[WhiteElo "2500"]
[BlackElo "1992"]
[PlyCount "53"]
[EventDate "2010.??.??"]
[WhiteTeam "Sweden"]
[BlackTeam "Surinam"]
[WhiteTeamCountry "SWE"]
[BlackTeamCountry "SUR"]
[TimeControl "40/5400+30:1800+30"]

1. c4 e5 2. g3 Nf6 3. Bg2 Nc6 4. Nc3 Bb4 5. Nd5 Bc5 6. Nf3 d6 7. O-O O-O 8. a3
a5 9. d3 Nxd5 10. cxd5 Ne7 11. d4 exd4 12. Nxd4 Bd7 13. Be3 Qc8 14. Re1 Re8 15.
Rc1 Ng6 16. Nc2 Bxe3 17. Nxe3 Rxe3 18. fxe3 Ne5 19. Qd4 Qd8 20. Rc3 Rc8 21.
Rec1 Bg4 22. Qa7 Bxe2 23. Qxb7 c5 24. dxc6 Nd3 25. c7 Qd7 26. Qxc8+ Qxc8 27.
Bb7 1-0

[Event "39th Olympiad Khanty-Mansiysk 2010"]
[Site "Khanty-Mansiysk/Russia"]
[Date "2010.09.21"]
[Round "1"]
[White "Diamant, Andre"]
[Black "Kassis, Antoine"]
[Result "1-0"]
[WhiteElo "2498"]
[BlackElo "2236"]
[PlyCount "175"]
[EventDate "2010.??.??"]
[WhiteTeam "Brazil"]
[BlackTeam "Lebanon"]
[WhiteTeamCountry "BRA"]
[BlackTeamCountry "LBN"]
[TimeControl "40/5400+30:1800+30"]

1. e4 c5 2. Nf3 d6 3. d4 cxd4 4. Nxd4 Nf6 5. Nc3 g6 6. Be2 Bg7 7. O-O O-O 8. h3
Nc6 9. Nf3 a6 10. Re1 b5 11. Bf1 Bb7 12. Bg5 b4 13. Nd5 e6 14. Nxf6+ Bxf6 15.
Bxf6 Qxf6 16. b3 Rfd8 17. a3 a5 18. Qd2 Rac8 19. axb4 Nxb4 20. Rxa5 Nxc2 21.
Re2 Qc3 22. Ra7 Rd7 23. Qxc3 Rxc3 24. Rd2 Nb4 25. Ne5 Rdc7 26. Rxd6 Rxb3 27.
Rb6 Nc6 28. Rxc6 Rxc6 29. Rxb7 Rxb7 30. Nxc6 Rc7 31. Ne5 Kg7 32. Nc4 f6 33. g3
Ra7 34. Kg2 Ra2 35. Kf3 g5 36. Ne3 Ra3 37. Bc4 Kf7 38. Kg4 Ke7 39. e5 Ra5 40.
exf6+ Kxf6 41. h4 gxh4 42. Kxh4 Rc5 43. Bd3 Kg7 44. Kg4 h6 45. Kf4 Ra5 46. Bc4
Kf7 47. Ke4 Ra4 48. Ke5 Ra5+ 49. Kd6 Kf6 50. Ng4+ Kg5 51. Bxe6 Ra6+ 52. Ke5
Ra5+ 53. Ke4 Ra4+ 54. Kf3 h5 55. Ne3 h4 56. gxh4+ Rxh4 57. Bg4 Rh8 58. Kg3 Rd8
59. f4+ Kf6 60. Kf3 Rd4 61. Bh3 Rd8 62. Ke4 Re8+ 63. Kd4 Rh8 64. Nd5+ Kg6 65.
Be6 Rh1 66. Ke5 Re1+ 67. Kd6 Rf1 68. Bd7 Rd1 69. Bg4 Rf1 70. Be2 Re1 71. Bd3+
Kf7 72. Bf5 Re2 73. Bg4 Re1 74. Bh5+ Kg7 75. f5 Rf1 76. Ke5 Re1+ 77. Kf4 Rf1+
78. Kg5 Rg1+ 79. Bg4 Kf7 80. Nf4 Kg7 81. Nd3 Rf1 82. Ne5 Rf2 83. Nd7 Rf1 84.
f6+ Kh8 85. Kg6 Rf4 86. Be6 Rf1 87. f7 Rg1+ 88. Kf6 1-0

[Event "39th Olympiad Khanty-Mansiysk 2010"]
[Site "Khanty-Mansiysk/Russia"]
[Date "2010.09.21"]
[Round "1"]
[White "Stojanovic, Dalibor"]
[Black "Yee, Frank"]
[Result "1-0"]
[WhiteElo "2496"]
[BlackElo "2106"]
[PlyCount "83"]
[EventDate "2010.??.??"]
[WhiteTeam "Bosnia  Herzegovina"]
[BlackTeam "Trinidad and Tobago"]
[WhiteTeamCountry "BIH"]
[BlackTeamCountry "TRI"]
[TimeControl "40/5400+30:1800+30"]

1. e4 e5 2. Bc4 Nc6 3. Nf3 Nf6 4. d3 Bc5 5. c3 Bb6 6. h3 d5 7. exd5 Nxd5 8. O-O
O-O 9. Re1 Re8 10. Ng5 f6 11. Qh5 Bf5 12. Nf7 Qd7 13. Bxd5 Qxd5 14. Nh6+ gxh6
15. Qxf5 Ne7 16. Qe4 Rad8 17. Bxh6 Qxd3 18. Qxb7 Nf5 19. Bc1 e4 20. Na3 Bxf2+
21. Kxf2 Qg3+ 22. Kf1 Nh4 23. Qb3+ Kh8 24. Qc2 e3 25. Bxe3 Rxe3 26. Rxe3 Qxe3
27. Re1 Qg5 28. Qe4 Nf5 29. Kg1 Rg8 30. Nc4 Qg3 31. Rf1 Nh4 32. Rf2 Qxh3 33.
Qc6 Qg3 34. Qxf6+ Rg7 35. Qd8+ Rg8 36. Qd4+ Qg7 37. Qxh4 Re8 38. Qf6 Re1+ 39.
Kh2 Qxf6 40. Rxf6 Kg7 41. Rc6 Re7 42. Na3 1-0

[Event "39th Olympiad Khanty-Mansiysk 2010"]
[Site "Khanty-Mansiysk/Russia"]
[Date "2010.09.21"]
[Round "1"]
[White "Cori, Jorge"]
[Black "Radford, Michael"]
[Result "1-0"]
[WhiteElo "2496"]
[BlackElo "1895"]
[PlyCount "43"]
[EventDate "2010.??.??"]
[WhiteTeam "Peru"]
[BlackTeam "Bermuda"]
[WhiteTeamCountry "PER"]
[BlackTeamCountry "BER"]
[TimeControl "40/5400+30:1800+30"]

1. d4 e6 2. g3 Nf6 3. Bg2 d5 4. Nf3 Bd6 5. O-O O-O 6. c4 c6 7. Nc3 Nbd7 8. Qc2
Qe7 9. e4 Nxe4 10. Nxe4 dxe4 11. Qxe4 Re8 12. Re1 Nf6 13. Qc2 Qc7 14. Bg5 Be7
15. Bf4 Bd6 16. Be5 Ng4 17. Ng5 Bxe5 18. Qxh7+ Kf8 19. dxe5 Nxe5 20. Qh8+ Ke7
21. Qxg7 Nxc4 22. Nxf7 1-0

[Event "39th Olympiad Khanty-Mansiysk 2010"]
[Site "Khanty-Mansiysk/Russia"]
[Date "2010.09.21"]
[Round "1"]
[White "Al-Sayed, Mohammed"]
[Black "Meier, Kurt"]
[Result "1-0"]
[WhiteElo "2495"]
[BlackElo "1991"]
[PlyCount "47"]
[EventDate "2010.??.??"]
[WhiteTeam "Qatar"]
[BlackTeam "Seychelles"]
[WhiteTeamCountry "QAT"]
[BlackTeamCountry "SEY"]
[TimeControl "40/5400+30:1800+30"]

1. d4 Nf6 2. c4 g6 3. Nc3 d5 4. Bg5 c6 5. Bxf6 exf6 6. cxd5 cxd5 7. e3 Nc6 8.
Nge2 Be6 9. g3 Bb4 10. Bg2 Bxc3+ 11. Nxc3 Qb6 12. O-O Rd8 13. Na4 Qb5 14. Rc1
b6 15. Nc3 Qa5 16. a3 Ne7 17. Qe2 a6 18. Nb1 O-O 19. Rc7 Rd7 20. Rfc1 Rfd8 21.
b4 Qa4 22. Bf1 b5 23. Rxd7 Bxd7 24. Qb2 1-0

[Event "39th Olympiad Khanty-Mansiysk 2010"]
[Site "Khanty-Mansiysk/Russia"]
[Date "2010.09.21"]
[Round "1"]
[White "Krush, Irina"]
[Black "Adames, Rojas Ariella"]
[Result "1-0"]
[WhiteElo "2490"]
[BlackElo "1899"]
[PlyCount "69"]
[EventDate "2010.??.??"]
[WhiteTeam "United States"]
[BlackTeam "Dominican Republic"]
[WhiteTeamCountry "USA"]
[BlackTeamCountry "DOM"]
[TimeControl "40/5400+30:1800+30"]

1. d4 Nf6 2. c4 e6 3. Nc3 Bb4 4. Qc2 d5 5. cxd5 exd5 6. Bg5 O-O 7. e3 h6 8. Bh4
b6 9. Nf3 Bb7 10. Bd3 Nbd7 11. g4 Re8 12. g5 hxg5 13. Bxg5 Be7 14. O-O-O a6 15.
Rhg1 c5 16. Bh6 Bf8 17. Ng5 Re7 18. Nh7 Nxh7 19. Bxh7+ Kh8 20. Bg5 f6 21. Bh6
b5 22. dxc5 Nxc5 23. Kb1 b4 24. Ne2 Ne6 25. Nd4 Nxd4 26. Rxd4 a5 27. Rh4 Qc7
28. Qg6 Rae8 29. Bf4 Qd8 30. Qh5 Re5 31. Bf5+ Kg8 32. Qh7+ Kf7 33. Qg6+ Kg8 34.
Rh8+ Kxh8 35. Qh7# 1-0

[Event "39th Olympiad Khanty-Mansiysk 2010"]
[Site "Khanty-Mansiysk/Russia"]
[Date "2010.09.21"]
[Round "1"]
[White "Socko, Monika"]
[Black "Ptacnikova, Lenka"]
[Result "1-0"]
[WhiteElo "2486"]
[BlackElo "2282"]
[PlyCount "111"]
[EventDate "2010.??.??"]
[WhiteTeam "Poland"]
[BlackTeam "Iceland"]
[WhiteTeamCountry "POL"]
[BlackTeamCountry "ISL"]
[TimeControl "40/5400+30:1800+30"]

1. d4 Nf6 2. c4 e6 3. Nf3 Bb4+ 4. Nbd2 b6 5. a3 Bxd2+ 6. Qxd2 Bb7 7. e3 d6 8.
Be2 Nbd7 9. O-O Ne4 10. Qc2 f5 11. b4 c5 12. Bb2 O-O 13. Rad1 Qe7 14. d5 Rac8
15. b5 Rce8 16. Ne1 exd5 17. cxd5 f4 18. Bg4 fxe3 19. Be6+ Kh8 20. Qxe4 Bxd5
21. Rxd5 exf2+ 22. Rxf2 Qxe6 23. Qxe6 Rxe6 24. Rxf8+ Nxf8 25. Nf3 Ng6 26. Rd2
h6 27. Kf2 Kg8 28. g3 Kf7 29. Ne1 Ne7 30. Nd3 g5 31. Re2 Rxe2+ 32. Kxe2 Nd5 33.
Nf2 Nc7 34. a4 a6 35. bxa6 Nxa6 36. Ne4 Ke6 37. g4 d5 38. Ng3 d4 39. Nf5 Kd5
40. Nxh6 c4 41. Ba3 Nc7 42. Nf7 Ne6 43. Bc1 c3 44. Nxg5 Nc5 45. h4 d3+ 46. Ke3
Kc4 47. Nf3 Kb3 48. h5 Kc2 49. Bd2 cxd2 50. Nxd2 Ne6 51. Nf3 Ng5 52. Ne1+ Kb3
53. Nxd3 Kxa4 54. Kf4 Nf7 55. g5 Kb3 56. g6 1-0

[Event "39th Olympiad Khanty-Mansiysk 2010"]
[Site "Khanty-Mansiysk/Russia"]
[Date "2010.09.21"]
[Round "1"]
[White "Khamrakulov, Dzhurabek"]
[Black "Kassinopoullos, Polydoros"]
[Result "1-0"]
[WhiteElo "2485"]
[BlackElo "2110"]
[PlyCount "61"]
[EventDate "2010.??.??"]
[WhiteTeam "Uzbekistan"]
[BlackTeam "Cyprus"]
[WhiteTeamCountry "UZB"]
[BlackTeamCountry "CYP"]
[TimeControl "40/5400+30:1800+30"]

1. e4 c6 2. d4 d5 3. Nd2 dxe4 4. Nxe4 Bf5 5. Ng3 Bg6 6. N1e2 h6 7. Nf4 Bh7 8.
Bc4 e6 9. O-O Bd6 10. Ngh5 Bxf4 11. Bxf4 Kf8 12. Qg4 Bg6 13. c3 Bxh5 14. Qxh5
Nf6 15. Qh3 Nbd7 16. Rae1 Kg8 17. Rxe6 g5 18. Be5 g4 19. Qd3 Nxe5 20. Rxe5 Kg7
21. Rfe1 Re8 22. Qf5 Qc7 23. Rxe8 Rxe8 24. Rxe8 Nxe8 25. Qxg4+ Kf8 26. Qg3 Qe7
27. Qe5 Qh4 28. g3 Qg4 29. Qh8+ Ke7 30. Qxh6 Nf6 31. Qe3+ 1-0

[Event "39th Olympiad Khanty-Mansiysk 2010"]
[Site "Khanty-Mansiysk/Russia"]
[Date "2010.09.21"]
[Round "1"]
[White "Sepp, Olav"]
[Black "Cummins, John"]
[Result "1-0"]
[WhiteElo "2485"]
[BlackElo "1882"]
[PlyCount "55"]
[EventDate "2010.??.??"]
[WhiteTeam "Estonia"]
[BlackTeam "Channel Islands"]
[WhiteTeamCountry "EST"]
[BlackTeamCountry "GCI"]
[TimeControl "40/5400+30:1800+30"]

1. Nf3 d5 2. g3 Nf6 3. Bg2 Nbd7 4. O-O e6 5. d3 Be7 6. Nbd2 c6 7. e4 Qc7 8. Re1
dxe4 9. dxe4 e5 10. b3 b5 11. Bb2 O-O 12. a4 Re8 13. Qe2 b4 14. Nc4 Bf8 15.
Rad1 Ba6 16. Bf1 Rad8 17. Rd2 Bc5 18. h3 h6 19. Qd1 Re6 20. Ncxe5 Bxf1 21. Kxf1
Ree8 22. Nxd7 Nxd7 23. Kg2 f6 24. Qe2 Kh8 25. Red1 Be7 26. Nh4 Ne5 27. Bxe5
Qxe5 28. Ng6+ 1-0

[Event "39th Olympiad Khanty-Mansiysk 2010"]
[Site "Khanty-Mansiysk/Russia"]
[Date "2010.09.21"]
[Round "1"]
[White "Mkrtchian, Lilit"]
[Black "Zykina, Nadezhda"]
[Result "1-0"]
[WhiteElo "2484"]
[BlackElo "2103"]
[PlyCount "59"]
[EventDate "2010.??.??"]
[WhiteTeam "Armenia"]
[BlackTeam "IPC"]
[WhiteTeamCountry "ARM"]
[TimeControl "40/5400+30:1800+30"]

1. d4 Nf6 2. c4 e5 3. dxe5 Ng4 4. Nf3 Bc5 5. e3 Nc6 6. Be2 Ngxe5 7. Nc3 d6 8.
O-O O-O 9. b3 Nxf3+ 10. Bxf3 Ne5 11. Be2 Qh4 12. Bb2 Be6 13. Na4 Ng4 14. Bxg4
Bxg4 15. Qd5 c6 16. Qe4 Rae8 17. Qf4 Qh5 18. Nxc5 dxc5 19. f3 Bc8 20. e4 f5 21.
e5 g5 22. Qe3 f4 23. Qxc5 Re6 24. h3 Rh6 25. e6 Bxe6 26. Rae1 Qg6 27. Re5 Rf5
28. Rd1 Qf6 29. Rxf5 Qxf5 30. Rd8+ 1-0

[Event "39th Olympiad Khanty-Mansiysk 2010"]
[Site "Khanty-Mansiysk/Russia"]
[Date "2010.09.21"]
[Round "1"]
[White "Campos Moreno, Javier B"]
[Black "Wasim, Akram"]
[Result "1/2-1/2"]
[WhiteElo "2484"]
[BlackElo "2054"]
[PlyCount "160"]
[EventDate "2010.??.??"]
[WhiteTeam "Chile"]
[BlackTeam "Pakistan"]
[WhiteTeamCountry "CHI"]
[BlackTeamCountry "PAK"]
[TimeControl "40/5400+30:1800+30"]

1. d4 Nf6 2. c4 c5 3. d5 e5 4. Nc3 d6 5. e4 g6 6. h3 Bg7 7. Bd3 O-O 8. g4 h6 9.
Be3 Ne8 10. Qd2 Kh7 11. Nf3 a6 12. a4 Nd7 13. h4 Nc7 14. b3 Qf6 15. Rh3 Qe7 16.
h5 g5 17. Nh2 Nf6 18. f3 a5 19. Qe2 Kg8 20. Nf1 Nh7 21. Ng3 b6 22. Bd2 Bd7 23.
Nd1 Na6 24. Ne3 Rfc8 25. Rh2 Rab8 26. Bc3 Nb4 27. Kd2 Qd8 28. Rg2 Ra8 29. Rag1
Ra7 30. Kc1 f6 31. Kb2 Rb8 32. Ngf1 Qe8 33. Nd2 Rc8 34. Nb1 Na6 35. Na3 Nc7 36.
Rc1 Qd8 37. Nb5 Nxb5 38. cxb5 Rb8 39. Qe1 Rab7 40. Nc4 Be8 41. Bxa5 bxa5 42.
Nxa5 Ra7 43. Nc6 Bxc6 44. dxc6 Bf8 45. Bc4+ Kg7 46. Qd2 f5 47. Ra1 Nf6 48. gxf5
Nxh5 49. a5 Nf4 50. b6 Rxb6 51. axb6 Rxa1 52. Kxa1 Qxb6 53. Rh2 Qxc6 54. Qa5
Qb7 55. Qd8 Qe7 56. Qa8 d5 57. Bxd5 c4 58. Ra2 Qb4 59. Qb7+ Qxb7 60. Bxb7 cxb3
61. Ra8 Be7 62. Ba6 h5 63. Ra7 Kf6 64. Bc4 g4 65. fxg4 hxg4 66. Ra6+ Kg5 67.
Ra8 Nh5 68. Rg8+ Kf4 69. Be2 Bg5 70. Kb2 Nf6 71. Rg7 g3 72. Bf1 Nxe4 73. Bg2
Bf6 74. Rg6 Kxf5 75. Bxe4+ Kxe4 76. Rxg3 Kf4 77. Rxb3 e4+ 78. Kc2 Bd4 79. Kd2
Bc5 80. Rb5 Bd4 1/2-1/2

[Event "39th Olympiad Khanty-Mansiysk 2010"]
[Site "Khanty-Mansiysk/Russia"]
[Date "2010.09.21"]
[Round "1"]
[White "Haznedaroglu, Kivanc"]
[Black "Liu, Yeh Yang"]
[Result "1-0"]
[WhiteElo "2483"]
[BlackElo "1818"]
[PlyCount "57"]
[EventDate "2010.??.??"]
[WhiteTeam "Turkey"]
[BlackTeam "TPE"]
[WhiteTeamCountry "TUR"]
[TimeControl "40/5400+30:1800+30"]

1. e4 c5 2. Nf3 Nc6 3. Bb5 Nf6 4. Nc3 d6 5. d4 cxd4 6. Qxd4 Bd7 7. Bxc6 Bxc6 8.
Bg5 e5 9. Qd3 Be7 10. O-O-O Ng4 11. Bxe7 Qxe7 12. Rd2 O-O 13. h3 Nf6 14. Nh2
Rfd8 15. Ng4 Nh5 16. g3 f5 17. Nd5 Qf7 18. exf5 Nf6 19. Ndxf6+ Kh8 20. Nd5 Bxd5
21. Qxd5 Qxf5 22. Rhd1 h6 23. Qd3 Qe6 24. Qb3 Qe7 25. Ne3 b6 26. Nf5 Qg5 27. g4
Rd7 28. Qe3 Qf6 29. Rxd6 1-0

[Event "39th Olympiad Khanty-Mansiysk 2010"]
[Site "Khanty-Mansiysk/Russia"]
[Date "2010.09.21"]
[Round "1"]
[White "Yilmaz, Mustafa"]
[Black "Ho, Men-Wei"]
[Result "1-0"]
[WhiteElo "2482"]
[BlackElo "1536"]
[PlyCount "91"]
[EventDate "2010.??.??"]
[WhiteTeam "Turkey"]
[BlackTeam "TPE"]
[WhiteTeamCountry "TUR"]
[TimeControl "40/5400+30:1800+30"]

1. e4 e5 2. Nf3 Nc6 3. Bb5 a6 4. Bxc6 dxc6 5. O-O Bd6 6. d4 exd4 7. Qxd4 f6 8.
Be3 Be6 9. Nbd2 Ne7 10. Qc3 O-O 11. Nc4 b5 12. Na5 b4 13. Qd3 Qb8 14. Nd4 Bd7
15. Naxc6 Nxc6 16. Nxc6 Qe8 17. Nxb4 Kh8 18. Nd5 Rb8 19. b3 a5 20. Rad1 Be6 21.
Qc3 Qc8 22. a4 c6 23. Nb6 Bb4 24. Qxb4 axb4 25. Nxc8 Rfxc8 26. Rd6 Bf7 27. Bc5
Bg6 28. f3 f5 29. e5 f4 30. Rf2 Rd8 31. Bxb4 Rxd6 32. Bxd6 Rd8 33. Re2 Kg8 34.
Kf2 Kf7 35. e6+ Ke8 36. Bxf4 Bf5 37. g4 Bg6 38. Be5 Rd5 39. Bxg7 Rc5 40. c4 Ra5
41. f4 Bd3 42. Rd2 Be4 43. Ke3 Bh1 44. f5 Rc5 45. Bf6 Ra5 46. Rd8# 1-0

[Event "39th Olympiad Khanty-Mansiysk 2010"]
[Site "Khanty-Mansiysk/Russia"]
[Date "2010.09.21"]
[Round "1"]
[White "Kuderinov, Kirill"]
[Black "Croes, Octavio"]
[Result "1-0"]
[WhiteElo "2481"]
[BlackElo "1951"]
[PlyCount "79"]
[EventDate "2010.??.??"]
[WhiteTeam "Kazakhstan"]
[BlackTeam "ARU"]
[WhiteTeamCountry "KAZ"]
[TimeControl "40/5400+30:1800+30"]

1. e4 c5 2. Nf3 Nc6 3. c3 d5 4. exd5 Qxd5 5. d4 cxd4 6. cxd4 e6 7. Nc3 Bb4 8.
Be2 Nge7 9. O-O Qd8 10. Bd3 O-O 11. Bxh7+ Kxh7 12. Ng5+ Kg6 13. Qg4 f5 14. Qg3
Bd6 15. f4 Kf6 16. d5 exd5 17. b3 d4 18. Bb2 Be6 19. Rfe1 Bg8 20. Nb5 Bc5 21.
Re5 a6 22. Rae1 Qd7 23. Nc7 Bb6 24. Re6+ Bxe6 25. Rxe6+ Qxe6 26. Ncxe6 Rg8 27.
Qe3 Nd5 28. Qf3 Nde7 29. Qh5 Ng6 30. Nh7+ Kxe6 31. Qxg6+ Ke7 32. Ba3+ Kd8 33.
Qd6+ Kc8 34. Qe6+ Kb8 35. Qxg8+ Ka7 36. Qc4 Re8 37. Bc5 Re4 38. Bxb6+ Kxb6 39.
Ng5 Rxf4 40. Ne6 1-0

[Event "39th Olympiad Khanty-Mansiysk 2010"]
[Site "Khanty-Mansiysk/Russia"]
[Date "2010.09.21"]
[Round "1"]
[White "Glud, Jakob Vang"]
[Black "Lee, T H Bryan"]
[Result "1-0"]
[WhiteElo "2479"]
[BlackElo "1935"]
[PlyCount "82"]
[EventDate "2010.??.??"]
[WhiteTeam "Denmark"]
[BlackTeam "Hong Kong"]
[WhiteTeamCountry "DEN"]
[BlackTeamCountry "HKG"]
[TimeControl "40/5400+30:1800+30"]

1. c4 Nf6 2. g3 g6 3. Bg2 Bg7 4. Nc3 d6 5. d3 O-O 6. Bg5 h6 7. Bd2 e5 8. e4 Nc6
9. Nge2 Be6 10. Nd5 Nd4 11. Nxd4 exd4 12. Qb3 Rb8 13. Qa3 a6 14. Qa5 Bxd5 15.
cxd5 Nd7 16. Qa3 f5 17. O-O Qf6 18. Rac1 Rfc8 19. b4 Qf7 20. Qb3 Kh7 21. h3
fxe4 22. Bxe4 Nf6 23. Bg2 Re8 24. Rfe1 Rxe1+ 25. Rxe1 Re8 26. Re6 Rf8 27. f4
Qd7 28. g4 c6 29. Qa4 Rf7 30. Qb3 cxd5 31. Bxd5 Re7 32. Rxe7 Qxe7 33. Bf3 b5
34. a4 Qc7 35. Kf2 Nd7 36. axb5 axb5 37. Qf7 Qc2 38. Ke2 Qc8 39. Be4 Nf8 40. f5
Kh8 41. f6 Bxf6 1-0

[Event "39th Olympiad Khanty-Mansiysk 2010"]
[Site "Khanty-Mansiysk/Russia"]
[Date "2010.09.21"]
[Round "1"]
[White "Zhao, Xue"]
[Black "Gazola, Vanessa Ramos"]
[Result "1-0"]
[WhiteElo "2469"]
[BlackElo "1983"]
[PlyCount "75"]
[EventDate "2010.??.??"]
[WhiteTeam "China"]
[BlackTeam "Brazil"]
[WhiteTeamCountry "CHN"]
[BlackTeamCountry "BRA"]
[TimeControl "40/5400+30:1800+30"]

1. d4 Nf6 2. Nf3 g6 3. c4 Bg7 4. Nc3 d5 5. Qb3 dxc4 6. Qxc4 O-O 7. e4 Bg4 8.
Be3 Nfd7 9. Rd1 Nc6 10. Be2 Bxf3 11. gxf3 Nb6 12. Qc5 Qd6 13. f4 Rad8 14. d5
Nb8 15. e5 Qxc5 16. Bxc5 Rfe8 17. Bf3 Na6 18. Be3 f6 19. Rg1 Nc4 20. Bc1 fxe5
21. f5 Rf8 22. Be2 Nd6 23. fxg6 hxg6 24. Rxg6 Rf6 25. Rg2 Nc5 26. Bg5 Nce4 27.
Nxe4 Nxe4 28. Bxf6 exf6 29. Bg4 Kf8 30. Ke2 Bh6 31. Be6 Ng5 32. h4 Nxe6 33.
dxe6 Rxd1 34. Kxd1 Ke7 35. Rg6 Bf8 36. Rg8 c5 37. Rxf8 Kxf8 38. h5 1-0

[Event "39th Olympiad Khanty-Mansiysk 2010"]
[Site "Khanty-Mansiysk/Russia"]
[Date "2010.09.21"]
[Round "1"]
[White "Ushenina, Anna"]
[Black "Ramirez, M  Eugenia"]
[Result "1-0"]
[WhiteElo "2466"]
[BlackElo "2031"]
[PlyCount "89"]
[EventDate "2010.??.??"]
[WhiteTeam "Ukraine"]
[BlackTeam "Bolivia"]
[WhiteTeamCountry "UKR"]
[BlackTeamCountry "BOL"]
[TimeControl "40/5400+30:1800+30"]

1. d4 Nf6 2. Bg5 Ne4 3. Bf4 g5 4. Bc1 Rg8 5. f3 Nf6 6. e4 d6 7. Nc3 c6 8. Be3
Qb6 9. Qc1 g4 10. Bd3 Qa5 11. Qd2 Nbd7 12. h3 Qh5 13. O-O-O Nb6 14. fxg4 Nxg4
15. hxg4 Qxh1 16. Nf3 Qxd1+ 17. Qxd1 Bxg4 18. Qh1 h5 19. Nd1 O-O-O 20. Nf2 Be6
21. b3 f6 22. a4 Bf7 23. a5 Nd7 24. Nh4 e6 25. Nf3 Be7 26. Nh3 Rg4 27. Ne1 Rdg8
28. Nf2 Rg3 29. Bf4 R3g7 30. Kb2 e5 31. Be3 a6 32. Be2 exd4 33. Bxd4 c5 34. Bc3
Ne5 35. Bxh5 Be6 36. Be2 Kd7 37. Nfd3 Ng6 38. Qf1 Rf8 39. Nf4 Bf7 40. Nh5 Rh7
41. Nxf6+ Bxf6 42. Qxf6 Be8 43. Bg4+ Kc7 44. Qe6 Bf7 45. Qd7+ 1-0

[Event "39th Olympiad Khanty-Mansiysk 2010"]
[Site "Khanty-Mansiysk/Russia"]
[Date "2010.09.21"]
[Round "1"]
[White "Gunina, Valentina"]
[Black "Khan, Nazrana"]
[Result "1-0"]
[WhiteElo "2465"]
[BlackElo "2009"]
[PlyCount "67"]
[EventDate "2010.??.??"]
[WhiteTeam "RU1"]
[BlackTeam "Bangladesh"]
[BlackTeamCountry "BAN"]
[TimeControl "40/5400+30:1800+30"]

1. d4 d5 2. c4 e6 3. Nc3 c6 4. e4 dxe4 5. Nxe4 Bb4+ 6. Bd2 Bxd2+ 7. Qxd2 Nf6 8.
Nxf6+ Qxf6 9. Nf3 Nd7 10. Bd3 O-O 11. Ng5 g6 12. O-O-O e5 13. Ne4 Qf4 14. Qxf4
exf4 15. Rhe1 Nb6 16. Nf6+ Kg7 17. Ne8+ Kg8 18. Re7 Bf5 19. Nd6 Bg4 20. f3 Nc8
21. Nxc8 Bxc8 22. h4 h6 23. Bc2 b6 24. Be4 Ba6 25. b3 Rfc8 26. h5 Kf8 27. Rd7
f5 28. Bc2 Rd8 29. Rh7 Kg8 30. hxg6 Bc8 31. Re1 a5 32. Ree7 b5 33. Rxh6 Rxd4
34. g7 1-0

[Event "39th Olympiad Khanty-Mansiysk 2010"]
[Site "Khanty-Mansiysk/Russia"]
[Date "2010.09.21"]
[Round "1"]
[White "Potapov, Pavel"]
[Black "Gilruth, Peter"]
[Result "1-0"]
[WhiteElo "2464"]
[BlackElo "2202"]
[PlyCount "137"]
[EventDate "2010.??.??"]
[WhiteTeam "RU5"]
[BlackTeam "Kenya"]
[BlackTeamCountry "KEN"]
[TimeControl "40/5400+30:1800+30"]

1. e4 c5 2. c3 Nf6 3. e5 Nd5 4. Nf3 Nc6 5. d4 cxd4 6. cxd4 d6 7. Bc4 Nb6 8. Bb5
dxe5 9. Nxe5 Bd7 10. Nxd7 Qxd7 11. O-O e6 12. Nc3 Be7 13. Qg4 O-O 14. Bh6 Qxd4
15. Qxd4 Nxd4 16. Be3 Nc2 17. Rad1 Nxe3 18. fxe3 Rfd8 19. Bd3 Bc5 20. Kf2 f5
21. Ke2 g6 22. g4 Kg7 23. h3 Rac8 24. Rc1 a6 25. a3 Be7 26. Rg1 Kf6 27. h4 Ke5
28. h5 g5 29. Rcf1 Rf8 30. Nb1 h6 31. Nd2 fxg4 32. Rd1 Nd5 33. Rxg4 Kf6 34. Re4
Bc5 35. Nc4 Rfe8 36. Ne5 Kg7 37. Ng4 Nf6 38. Nxf6 Kxf6 39. Bc4 Re7 40. Rf1+ Kg7
41. Rxe6 Rxe6 42. Bxe6 Rc7 43. Bd5 Re7 44. e4 Bd4 45. b3 Rc7 46. Kf3 a5 47. Kg4
Bb2 48. a4 Bd4 49. Rd1 Bb2 50. Kf5 Bc3 51. Be6 Rc5+ 52. Bd5 Rc7 53. Rd3 b6 54.
Bc4 Bb4 55. Rd8 Bc3 56. e5 Re7 57. Be6 Bb4 58. Rg8+ Kh7 59. Rb8 Rg7 60. Ke4 Re7
61. Rxb6 Bc3 62. Bf5+ Kg7 63. Rg6+ Kf7 64. e6+ Kf8 65. Rxh6 Rb7 66. Kd5 Rg7 67.
Rh8+ Ke7 68. Rc8 Bb4 69. h6 1-0